 Dungeon Sprint DCSS version 0.29.1-12-g30fa7ad0bf (webtiles) character file.

Game seed: 16725875423540513466

1159 Groucho the Thaumaturge (level 8, -2/67 HPs)
             Began as a Djinni Ice Elementalist on Dec 30, 2022.
             Was an Initiate of Cheibriados.
             Slain by Snorg (18 damage)
             ... in the Dungeon (Sprint III: "The Ten Rune Challenge").
             The game lasted 00:09:07 (2571 turns).

Groucho the Thaumaturge (Djinni Ice Elementalist)   Turns: 2571, Time: 00:09:07

Health: -2/67      AC:  2    Str:  8    XL:     8   Next: 66%
Gold:   16         EV: 17    Int: 19    God:    Cheibriados [......] SH:  0 Dex: 16

rFire   + + .      SeeInvis .   m - +2 long sword (protect)
rCold   x . .      Faith    .   (no shield)
rNeg    . . .      Spirit   .   a - +0 robe
rPois   ∞          Reflect  .   (no helmet)
rElec   .          Harm     .   (no cloak)
rCorr   .          Rampage  .   (no gloves)
Will    .....      NoTele   +   (boots unavailable)
Stlth   ++........              (no amulet)
HPRegen 0.21/turn               (no ring)
MPRegen 0.00/turn               (no ring)

@: flying, very slow
A: sickness immunity, fire resistance 2, cold vulnerability 1, float, innate
caster, HP casting, extra vitality 1
a: Renounce Religion


You were in the Dungeon.
You worshipped Cheibriados.
Cheibriados was noncommittal.
You visited 1 branch You collected 16 gold pieces.

Inventory:

Hand Weapons
 m - a +2 long sword of protection (weapon)
Armour
 a - a +0 robe (worn)
Wands
 l - a wand of roots (9)
Scrolls
 c - a scroll of torment {unknown}
 f - a scroll of blinking
 g - 2 scrolls of immolation {unknown}
 i - a scroll of identify {unknown}
Potions
 d - a potion of haste
 h - a potion of resistance {unknown}
 j - a potion of brilliance {unknown}
 k - 5 potions of mutation


   Skills:
 + Level 8.9 Fighting
 + Level 10.1 Dodging
 - Level 1.6 Stealth
 * Level 10.5 Spellcasting
 * Level 0.0 Invocations


You had 11 spell levels left.
You knew the following spells:

 Your Spells              Type           Power      Damage    Failure   Level
a - Freeze                Ice            100%       1d11      1%          1
b - Frozen Ramparts       Ice            100%       1d16      1%          3
c - Ozocubu's Armour      Ice            50%        N/A       1%          3
d - Hailstorm             Conj/Ice       50%        3d11      1%          4
e - Slow                  Hex            100%       N/A       1%          1
f - Searing Ray           Conj           100%       2d8       1%          2
g - Inner Flame           Hex/Fire       50%        N/A       1%          3
Your spell library was empty.

Dungeon Overview and Level Annotations

Branches:
Dungeon (1/1)

Altars:
Cheibriados
Dithmenos
Elyvilon
Fedhas
Gozag
Hepliaklqana
Makhleb
Nemelex Xobeh
Okawaru
Qazlal
Ru
Trog
Uskayaw
Wu Jian
Xom
Yredelemnul
Zin
The Shining One
Jiyva
Lugonu

Annotations:
D Snorg


Innate Abilities, Weirdness & Mutations

You are immune to sickness and miasma.
You are immune to poison.
Your flesh is very heat resistant. (rF++)
You are vulnerable to cold. (rC-)
You float through the air rather than walking.
You learn spells naturally, not from books.
Your magical power is your life essence.
You have superior vitality. (+4 MHP)


Message History

Press: ? - help, Shift-Dir - straight line, f - Snorg
Aim: Snorg (black smoke, moderately wounded, berserk)
You freeze Snorg.
Snorg is moderately wounded.
The wall freezes Snorg.
Snorg barely misses you. Snorg completely misses you. Snorg barely misses you.
The wall freezes Snorg.
Snorg barely misses you. x2
Snorg claws you!
Casting: Freeze (safe; 1% risk of failure)
Confirm with . or Enter, or press ? or * to list all spells.
Aiming: Freeze (safe; 1% risk of failure)
Press: ? - help, Shift-Dir - straight line, f/p - Snorg
Aim: Snorg (black smoke, moderately wounded, berserk)
You freeze Snorg.
Snorg is moderately wounded.
The wall freezes Snorg!
Snorg barely misses you. Snorg closely misses you. Snorg misses you.
Casting: Freeze (safe; 1% risk of failure)
Confirm with . or Enter, or press ? or * to list all spells.
Aiming: Freeze (safe; 1% risk of failure)
Press: ? - help, Shift-Dir - straight line, f/p - Snorg
Aim: Snorg (moderately wounded, berserk)
You freeze Snorg.
Snorg is moderately wounded.
The wall freezes Snorg.
Snorg bites you! Snorg claws you! Snorg barely misses you.
The wall freezes Snorg.
Snorg barely misses you. Snorg claws you.
* * * LOW HITPOINT WARNING * * *
Snorg misses you.
Okay, then.
Your icy armour and frozen ramparts will break if you move.
Continue?
Okay, then.
Unknown command.
Your icy armour and frozen ramparts will break if you move.
Continue?
Snorg attacks as you move away! Snorg barely misses you. Snorg misses you.
Snorg barely misses you.
Your icy armour cracks and falls away as you move.
The frozen ramparts melt away as you move.
Snorg misses you. x3
Snorg misses you. Snorg claws you!!
You die...

##.############
##..#___#___#__#
.#..#.).#__.#._#
.#..###'#'###'##
'#..#..........#
#...'.⌠........#
#...#...######'#
....#.⌠.#v_#...#+#####
....#...#__#...#@T~~~+
....#'###__#...#.#~~~#
....#.):#__#...'.#§§§#
....#___#__+...#.#§§§#
▓▓▓▓▓▓▓▓▓▓▓▓▓▓▓▓▓▓▓▓▓▓


You could see Snorg (berserk).

Vanquished Creatures
  A deep elf pyromancer (D)
  A shadow (D)
  A necrophage (D)
  A water elemental (D)
  A jelly (D)
  A wizard (D)
  Jessica (D)
  A necromancer (D)
  A kobold demonologist (D)
  3 humans (D)
  A wolf (D)
  An endoplasm (D)
  2 rats (D)
16 creatures vanquished.

Vanquished Creatures (others)
  A plant (D)
1 creature vanquished.

Grand Total: 17 creatures vanquished

Notes
Turn   | Place    | Note
-------+----------+-------------------------------------------
     0 | D        | Groucho the Djinni Ice Elementalist began the quest for the
                  | Orb.
     0 | D        | Groucho set off with the following spells memorised:
                  | Freeze, Frozen Ramparts, Ozocubu's Armour, Hailstorm.
     0 | D        | Reached XP level 1. HP: 15/15 MP: 0/0
    38 | D        | Noticed Jessica
   249 | D        | Killed Jessica
   250 | D        | Reached XP level 2. HP: 7/24 MP: 0/0
   250 | D        | Reached XP level 3. HP: 8/29 MP: 0/0
   250 | D        | Learned a level 1 spell: Slow
   641 | D        | Reached skill level 5 in Spellcasting
   938 | D        | HP: 1/29 [wolf (1)]
   941 | D        | Reached XP level 4. HP: 30/35 MP: 0/0
   966 | D        | Noticed a water elemental
   976 | D        | Killed a water elemental
   977 | D        | Reached skill level 5 in Dodging
   977 | D        | Reached XP level 5. HP: 4/41 MP: 0/0
   977 | D        | Learned a level 2 spell: Searing Ray
  1458 | D        | Found a shadowy altar of Dithmenos.
  1465 | D        | Reached skill level 5 in Fighting
  1465 | D        | Reached XP level 6. HP: 32/49 MP: 0/0
  1465 | D        | Found a basalt altar of Yredelemnul.
  1465 | D        | Found a sacrificial altar of Ru.
  1590 | D        | Found a hide-covered altar of Uskayaw.
  1590 | D        | Found an iron altar of Okawaru.
  1592 | D        | Found a bloodstained altar of Trog.
  1593 | D        | Found an ornate altar of the Wu Jian Council.
  1593 | D        | Noticed a human
  1597 | D        | Noticed a human
  1605 | D        | Killed a human
  1606 | D        | Reached XP level 7. HP: 38/57 MP: 0/0
  1606 | D        | Learned a level 3 spell: Inner Flame
  1606 | D        | Killed a human
  1911 | D        | Found a glowing silver altar of Zin.
  1911 | D        | Found a glowing golden altar of the Shining One.
  1911 | D        | Found a white marble altar of Elyvilon.
  1911 | D        | Noticed a deep elf pyromancer
  1919 | D        | Killed a deep elf pyromancer
  1920 | D        | Reached skill level 10 in Spellcasting
  1920 | D        | Reached XP level 8. HP: 56/66 MP: 0/0
  2110 | D        | Noticed a shadow
  2131 | D        | Killed a shadow
  2132 | D        | Reached skill level 10 in Dodging
  2464 | D        | Found a blossoming altar of Fedhas.
  2464 | D        | Found a stormy altar of Qazlal.
  2467 | D        | Found a snail-covered altar of Cheibriados.
  2467 | D        | Found a burning altar of Makhleb.
  2467 | D        | Found a hazy altar of Hepliaklqana.
  2467 | D        | Found a shimmering altar of Xom.
  2467 | D        | Found an opulent altar of Gozag.
  2467 | D        | Found a sparkling altar of Nemelex Xobeh.
  2467 | D        | Found a corrupted altar of Lugonu.
  2467 | D        | Found a viscous altar of Jiyva.
  2550 | D        | Became a worshipper of Cheibriados the Contemplative
  2560 | D        | Noticed Snorg
  2571 | D        | Slain by Snorg

Illustrated notes

Levels and vault maps discovered:
D:        dungeon_sprint_mu [sprint_mu_entry_cave, sprint_mu_temple_rooms,
          sprint_mu_d1_horrors, sprint_mu_d2_genie, sprint_mu_d3_branching,
          sprint_mu_orc_legion, sprint_mu_elf_gauntlet, sprint_mu_hive_nellie,
          sprint_mu_lair_fedhas, sprint_mu_vaults_butterflies,
          sprint_mu_slime_circle, sprint_mu_swamp_cave, sprint_mu_shoals_archi,
          sprint_mu_blade_basic, sprint_mu_crypt_fortress,
          sprint_mu_tomb_spiral, sprint_mu_vestibule_basic,
          sprint_mu_gehenna_hellfire, sprint_mu_dis_giant,
          sprint_mu_tartarus_statrot, sprint_mu_cocytus_islands, sprint_mu_zot1]

Skill      XL: |  1  2  3  4  5  6  7  8 |
---------------+-------------------------+-----
Fighting       | 2 3 4 5 6 8 |  8.9
Dodging        | 3 4 5 6 7 9 10 | 10.1
Spellcasting   | 4 5 6 7 8 10 | 10.5
Stealth        | |  1.6

Action                   |  1- 3 |  4- 6 |  7- 9 || total
-------------------------+-------+-------+-------++-------
Melee: Long sword        |       |       |     8 ||     8
       Punch             |       |       |     1 ||     1
 Cast: Freeze            |    21 |    23 |    15 ||    59
       Ozocubu's Armour  |       |     2 |     3 ||     5
       Frozen Ramparts   |       |     2 |     3 ||     5
  Use: Potion            |     1 |       |     3 ||     4
Armor: Robe              |     1 |     3 |     2 ||     6
Dodge: Dodged            |    13 |    13 |    26 ||    52
